AoeStats
← Gim

African Clearing

510301272Analyzed
4v4 RM · 1d ago on Sep 30, 2026· 42m 15s· 8 players
Game mode
Random Map
Map size
Large (8 player)
Population
200
Speed
Normal
Resources
Standard
Victory
Conquest
Starting age
Dark Age
Ending age
Imperial Age
RankedLock teamsTeams togetherTeam positionsShared explorationLock speedFull tech treeHidden civsTurbo modeCheats
Victory
Defeat
🇨🇳 Mongols · China
1261
+12
1202
+14
🇨🇦 Celts · Canada
1160
+16
🇦🇺 Varangians · Australia
1137
+17
🇨🇳 Cumans · China
1266
-18
🇨🇳 Hindustanis · China
1152
-14
🇮🇳 Poles · India
1132
-14
🇨🇳 Franks · China
1114
-13
Gilgamesh43499
12:15 Feudal Age
10:30 Loom
16:06 Castle Age
16:11 Double-Bit Axe
17:47 Bow Saw
20:46 Fletching
23:53 Bodkin Arrow
28:10 Padded Archer Armor
29:42 Husbandry
30:45 Horse Collar
32:14 Stone Mining
34:16 Bloodlines
34:45 Wheelbarrow
34:27 Gold Mining
35:19 Thumb Ring
35:34 Heavy Plow
37:17 Stone Shaft Mining
37:17 Hand Cart
37:46 Szlachta Privileges
39:14 Ballistics
43:48 Imperial Age
42:35 Masonry
42:32 Scale Barding Armor
42:38 Forging
42:43 Leather Archer Armor
Gim
11:53 Feudal Age
12:54 Double-Bit Axe
13:30 Loom
21:05 Castle Age
23:41 Scale Barding Armor
27:39 Horse Collar
30:01 Husbandry
31:39 Bloodlines
dy小妖
9:06 Loom
12:58 Feudal Age
13:46 Double-Bit Axe
13:57 Horse Collar
18:19 Wheelbarrow
20:03 Town Watch
26:01 Castle Age
25:04 Gold Mining
27:24 Bow Saw
27:39 Heavy Plow
28:18 Gold Shaft Mining
29:04 Scale Barding Armor
29:29 Bloodlines
32:07 Imperial Age
30:05 Chain Barding Armor
29:57 Forging
32:12 Cavalier
33:35 Plate Barding Armor
35:42 Paladin
37:29 Iron Casting
39:13 Blast Furnace
渣渣灰
9:16 Loom
16:01 Feudal Age
18:51 Man-at-Arms
23:49 Forging
23:40 Scale Mail Armor
27:07 Castle Age
27:35 Long Swordsman
28:00 Gambesons
36:38 Double-Bit Axe
38:54 Husbandry
ufokinw0tm8
4:04 Loom
13:01 Feudal Age
13:21 Man-at-Arms
14:12 Arson
19:51 Castle Age
18:39 Double-Bit Axe
19:27 Town Watch
19:58 Forging
20:39 Husbandry
20:51 Bloodlines
22:46 Wheelbarrow
27:08 Gold Mining
27:45 Horse Collar
28:38 Elite Skirmisher
30:20 Squires
31:29 Bow Saw
38:36 Scale Mail Armor
39:12 Iron Casting
mark4u.24
12:29 Loom
15:17 Feudal Age
15:45 Double-Bit Axe
15:23 Man-at-Arms
15:50 Arson
21:24 Castle Age
20:51 Scale Mail Armor
22:02 Long Swordsman
25:16 Horse Collar
26:49 Pikeman
33:02 Bow Saw
Ricardo Corazon de León
10:34 Loom
14:10 Feudal Age
14:37 Double-Bit Axe
16:51 Gold Mining
16:45 Fishing Lines
17:59 Stone Mining
19:27 Town Watch
20:18 Wheelbarrow
23:42 Castle Age
22:44 Scale Barding Armor
24:39 Bow Saw
24:48 Gillnets
28:56 Hand Cart
30:20 Chain Barding Armor
32:03 Pikeman
34:15 Ballistics
33:48 Fletching
34:09 Forging
34:10 Bloodlines
34:03 Husbandry
35:04 Bloodlines
36:30 Gold Shaft Mining
41:42 Imperial Age
39:34 Squires
39:20 Gambesons
41:06 Stone Shaft Mining
41:49 Masonry
42:23 Conscription
42:50 Plate Barding Armor
42:52 Iron Casting
41:44 Halberdier
42:33 Horse Collar
xcfotrp131
6:49 Loom
13:39 Feudal Age
15:03 Double-Bit Axe
17:45 Castle Age
15:37 Horse Collar
17:34 Gold Mining
19:11 Bow Saw
19:46 Heavy Plow
22:07 Scale Barding Armor
23:53 Chain Barding Armor
24:11 Bloodlines
27:23 Wheelbarrow
28:17 Stone Mining
29:53 Fletching
31:14 Bodkin Arrow
31:24 Husbandry
36:07 Imperial Age
34:21 Padded Archer Armor
35:27 Leather Archer Armor
35:54 Hand Cart
36:09 Ballistics
36:12 Thumb Ring
37:52 Chemistry
37:29 Parthian Tactics
37:01 Elite Mangudai
38:05 Conscription
37:47 Bracer
38:29 Forging
43:25 Iron Casting
Connection lost

Rejoining the realm…

Still unreachable

The connection could not be restored.

Session expired

The server has moved on; the page needs a fresh start.